Stars vs Maple Leafs
Created - January 15, 2018 at 19:56
Goals
|
| Stars |
0 |
3 |
1 |
4 |
| Maple Leafs |
0 |
0 |
0 |
0 |
|
Shots
|
| Stars |
12 |
10 |
7 |
29 |
| Maple Leafs |
6 |
8 |
6 |
20 |
|
1st period
No Goal
Penalties :
John Tavares (Dal) for Holding (Minor) at 2:59, Trevor Daley (Dal) for Roughing (Minor) at 18:33
2nd period
1. Stars , Johnny Oduya 2 (John Tavares 29, Jussi Jokinen 17) at 7:10 (PP)
2. Stars , Evgeny Artyukhin 5 (Johnny Oduya 8, Brian Lee 14) at 9:35
3. Stars , Michael Frolik 22 (Johnny Oduya 9) at 16:30
Penalties :
Colby Armstrong (Tor) for Hooking (Minor) at 6:52, Andrei Markov (Dal) for Tripping (Minor) at 9:50, Andrei Markov (Dal) for Unsportsmanlike conduct (Minor) at 19:35
3rd period
4. Stars , Brian Lee 6 (Jussi Jokinen 18, John Tavares 30) at 16:14 (PP)
Penalties :
Jordan Staal (Tor) for Spearing (Major / Game Misconduct) at 2:12, Brian Lee (Dal) for Slashing (Minor) at 12:16, Evgeny Grachev (Tor) for Tripping (Minor) at 16:11, Fabian Brunnstrom (Tor) for High sticking (Minor) at 17:18
Goalie Stats
Pascal Leclaire (Dal), 20 saves from 20 shots - (1.000), W, 14-14-2, 60:00 minutes
Marc-André Fleury (Tor), 25 saves from 29 shots - (0.862), L, 15-15-4, 60:00 minutes
Players Stats for Stars
Player Name G A P +/- PIM S H SB GA TA FO MP PP MP PK MP
------------------------------------------------------------------------------------
Andrei Markov 0 0 0 0 4 0 0 0 0 1 0/0 18:14 3:49 2:14
Brian Lee 1 1 2 2 2 4 3 0 1 0 0/0 25:22 3:30 5:18
Daniel Cleary 0 0 0 0 0 2 1 0 0 0 0/0 9:20 0:23 0:00
Dustin Penner 0 0 0 0 0 2 4 0 1 1 0/0 12:34 0:26 3:35
Evgeny Artyukhin 1 0 1 1 0 2 3 0 0 0 0/0 16:36 3:05 1:25
John Tavares 0 2 2 1 2 1 1 0 0 0 15/25 17:29 3:51 0:10
Johnny Oduya 1 2 3 2 0 1 0 1 1 0 0/0 20:37 3:30 0:33
Jussi Jokinen 0 2 2 1 0 2 3 0 0 1 1/2 15:34 3:51 0:08
Michael Frolik 1 0 1 1 0 4 1 0 0 1 0/0 16:35 3:51 0:00
Michal Handzus 0 0 0 0 0 2 0 0 0 0 5/12 14:46 0:12 5:55
Radim Vrbata 0 0 0 0 0 0 0 0 0 0 0/0 8:27 0:00 0:00
Raphael Diaz 0 0 0 0 0 0 0 0 0 0 0/0 16:59 0:00 3:28
Rickard Wallin 0 0 0 0 0 3 0 0 0 0 5/6 11:34 0:00 2:49
Ryan Getzlaf 0 0 0 1 0 1 2 0 0 0 3/11 14:40 3:05 0:00
Scott Hartnell 0 0 0 1 0 1 1 1 1 0 1/2 22:53 3:12 5:48
Shaone Morrisonn 0 0 0 0 0 1 1 3 0 0 0/0 20:40 0:00 6:27
Shawn Matthias 0 0 0 0 0 0 1 0 0 0 0/0 8:58 0:01 0:00
Trevor Daley 0 0 0 0 2 3 1 1 0 1 0/0 18:42 3:49 1:50
Players Stats for Maple Leafs
Player Name G A P +/- PIM S H SB GA TA FO MP PP MP PK MP
------------------------------------------------------------------------------------
Alexander Frolov 0 0 0 0 0 0 1 0 0 0 0/0 10:41 0:14 0:45
Artemi Panarin 0 0 0 -1 0 2 1 1 0 0 0/1 21:48 5:49 2:37
Blake Comeau 0 0 0 0 0 0 2 0 0 0 0/0 8:22 0:14 0:00
Braydon Coburn 0 0 0 -2 0 2 3 4 1 0 0/0 25:03 3:24 4:22
Claude Giroux 0 0 0 -1 0 3 1 0 1 0 1/1 23:08 5:49 3:57
Colby Armstrong 0 0 0 -1 2 1 0 1 0 0 0/1 12:38 0:00 0:00
Eric Nystrom 0 0 0 -1 0 1 1 0 0 0 0/0 11:48 0:00 0:00
Evgeny Grachev 0 0 0 0 2 0 1 0 0 0 3/6 10:23 0:10 0:49
Fabian Brunnstrom 0 0 0 0 2 1 1 0 0 0 0/0 11:46 3:52 0:00
Gilbert Brule 0 0 0 -1 0 3 1 0 0 0 9/19 20:46 4:12 3:34
John Klingberg 0 0 0 -2 0 0 0 1 1 1 0/0 22:13 6:31 0:00
Jordan Staal 0 0 0 -1 15 0 2 0 0 0 13/27 16:25 4:45 0:18
Mathieu Carle 0 0 0 0 0 0 1 2 0 1 0/0 12:24 0:00 0:00
Michael Grabner 0 0 0 0 0 2 0 0 0 0 0/0 13:19 3:52 0:00
Ryan Parent 0 0 0 0 0 1 1 0 0 0 0/0 18:53 3:24 2:57
Taylor Chorney 0 0 0 0 0 1 0 1 0 0 0/0 17:43 0:00 4:22
Tobias Enstrom 0 0 0 0 0 1 1 1 2 1 0/0 23:44 6:31 2:57
Zac Dalpe 0 0 0 0 0 2 0 0 0 1 2/3 11:33 0:48 2:38
3 Stars
1 - Johnny Oduya (Dal)
2 - Pascal Leclaire (Dal)
3 - Brian Lee (Dal)
Power Play
Stars - 2 on 4 Attempt(s) - 50.00%
Maple Leafs - 0 on 5 Attempt(s) - 0.00%
Penalty Kill
Stars - 5 on 5 Attempt(s) - 100.00%
- Score 0 goal in Penalty Kill
Maple Leafs - 2 on 4 Attempt(s) - 50.00%
- Score 0 goal in Penalty Kill
Team Stat
Stars - Hits : 22 - Faceoff Wins : 30 - Blocked Shots : 6 - Penalty Minutes : 10
Maple Leafs - Hits : 17 - Faceoff Wins : 28 - Blocked Shots : 11 - Penalty Minutes : 21
Official
Referees : Dwyer Gord and Rooney Chris
Linesman : Bryan Pancich and David Brisebois
Game Notes
Jordan Staal ejected from game at 2:12 of 3rd period
Jordan Staal from Maple Leafs is suspended for 1 game(s)
16:14 of 3rd period - Stars goal is going for a video replay. After video review, Goal.
Finance
Level 1 -- Attendance: 5540 (92.33%) -- Ticket Income $498,600
Level 2 -- Attendance: 4651 (93.02%) -- Ticket Income $255,805
Level 3 -- Attendance: 1753 (87.65%) -- Ticket Income $63,108
Level 4 -- Attendance: 3951 (98.78%) -- Ticket Income $98,775
Luxury Box -- Attendance: 884 (88.40%) -- Ticket Income $137,020
Game was played at the Maple Leafs Garden.
Total Attendance: 16779 (93.22%)
Total Ticket Income: $1,053,308
Other Income: $157,996
Total Income: $1,211,304
Stars
5 vs 5 Forward
Center Left Wing Right Wing Time % Phy DF OF
1 John Tavares Scott Hartnell Michael Frolik 39 0 2 3
2 Ryan Getzlaf Jussi Jokinen Evgeny Artyukhin 27 0 2 3
3 Michal Handzus Dustin Penner Radim Vrbata 20 1 2 2
4 Rickard Wallin Shawn Matthias Daniel Cleary 14 1 2 2
5 vs 5 Defense
Defense Defense Time % Phy DF OF
1 Johnny Oduya Brian Lee 40 1 2 2
2 Trevor Daley Andrei Markov 30 1 2 2
3 Raphael Diaz Shaone Morrisonn 30 1 2 2
4 Johnny Oduya Brian Lee 0 1 2 2
PowerPlay Forward
Center Left Wing Right Wing Time % Phy DF OF
1 John Tavares Jussi Jokinen Michael Frolik 60 0 1 4
2 Ryan Getzlaf Scott Hartnell Evgeny Artyukhin 40 0 1 4
PowerPlay Defense
Defense Defense Time % Phy DF OF
1 Johnny Oduya Brian Lee 60 0 2 3
2 Trevor Daley Andrei Markov 40 0 2 3
Penalty Kill 4 Players Forward
Center Wing Time % Phy DF OF
1 Michal Handzus Scott Hartnell 60 1 3 1
2 Rickard Wallin Dustin Penner 40 1 3 1
Penalty Kill 4 Players Defense
Defense Defense Time % Phy DF OF
1 Brian Lee Shaone Morrisonn 60 0 3 2
2 Raphael Diaz Andrei Markov 40 0 3 2
Penalty Kill - 3 Players Forward
Forward Time % Phy DF OF
1 Scott Hartnell 60 1 4 0
2 Michal Handzus 40 1 4 0
Penalty Kill - 3 Players Defense
Defense Defense Time % Phy DF OF
1 Johnny Oduya Brian Lee 60 1 4 0
2 Trevor Daley Andrei Markov 40 1 4 0
4 vs 4 Forward
Center Wing Time % Phy DF OF
1 Trevor Daley Scott Hartnell 60 1 2 2
2 Jussi Jokinen Michael Frolik 40 1 2 2
4 vs 4 Defense
Defense Defense Time % Phy DF OF
1 Johnny Oduya Brian Lee 60 1 2 2
2 Trevor Daley Andrei Markov 40 1 2 2
Last Minutes Offensive
Center Left Wing Right Wing Defense Defense
John Tavares Scott Hartnell Michael Frolik Trevor Daley Brian Lee
Last Minutes Defensive
Center Left Wing Right Wing Defense Defense
Ryan Getzlaf Scott Hartnell Daniel Cleary Johnny Oduya Shaone Morrisonn
Goaltenders
Starting : Pascal Leclaire
Backup : Miika Kiprusoff
Extra Forwards
Normal : Michal Handzus, Dustin Penner, Radim Vrbata - PP : Evgeny Artyukhin, Dustin Penner - PK : Evgeny Artyukhin
Extra Defensemen
Normal : Raphael Diaz, Shaone Morrisonn, Trevor Daley - PP : Raphael Diaz - PK : Shaone Morrisonn, Trevor Daley
Penalty Shots
John Tavares, Michael Frolik, Radim Vrbata, Michal Handzus, Evgeny Artyukhin
Scratches
Matt Cooke (Severed Right Wrist Tendon Injury)
Maple Leafs
5 vs 5 Forward
Center Left Wing Right Wing Time % Phy DF OF
1 Jordan Staal Artemi Panarin Claude Giroux 40 0 1 4
2 Gilbert Brule Eric Nystrom Colby Armstrong 30 1 2 2
3 Evgeny Grachev Alexander Frolov Michael Grabner 20 1 2 2
4 Zac Dalpe Fabian Brunnstrom Blake Comeau 10 1 2 2
5 vs 5 Defense
Defense Defense Time % Phy DF OF
1 Braydon Coburn John Klingberg 40 0 1 4
2 Taylor Chorney Tobias Enstrom 30 0 2 2
3 Mathieu Carle Ryan Parent 20 1 2 2
4 Braydon Coburn Tobias Enstrom 10 1 2 2
PowerPlay Forward
Center Left Wing Right Wing Time % Phy DF OF
1 Jordan Staal Artemi Panarin Claude Giroux 60 1 2 2
2 Gilbert Brule Fabian Brunnstrom Michael Grabner 40 1 2 2
PowerPlay Defense
Defense Defense Time % Phy DF OF
1 John Klingberg Tobias Enstrom 60 1 2 2
2 Braydon Coburn Ryan Parent 40 1 2 2
Penalty Kill 4 Players Forward
Center Wing Time % Phy DF OF
1 Jordan Staal Claude Giroux 60 1 2 2
2 Gilbert Brule Alexander Frolov 40 1 2 2
Penalty Kill 4 Players Defense
Defense Defense Time % Phy DF OF
1 Braydon Coburn Taylor Chorney 60 1 2 2
2 Ryan Parent Tobias Enstrom 40 1 2 2
Penalty Kill - 3 Players Forward
Forward Time % Phy DF OF
1 Jordan Staal 60 1 2 2
2 Gilbert Brule 40 1 2 2
Penalty Kill - 3 Players Defense
Defense Defense Time % Phy DF OF
1 Braydon Coburn Taylor Chorney 60 1 2 2
2 Ryan Parent Tobias Enstrom 40 1 2 2
4 vs 4 Forward
Center Wing Time % Phy DF OF
1 Jordan Staal Claude Giroux 60 1 2 2
2 Gilbert Brule Michael Grabner 40 1 2 2
4 vs 4 Defense
Defense Defense Time % Phy DF OF
1 Tobias Enstrom Braydon Coburn 60 1 2 2
2 Ryan Parent Taylor Chorney 40 1 2 2
Last Minutes Offensive
Center Left Wing Right Wing Defense Defense
Jordan Staal Artemi Panarin Claude Giroux Tobias Enstrom John Klingberg
Last Minutes Defensive
Center Left Wing Right Wing Defense Defense
Jordan Staal Alexander Frolov Claude Giroux Braydon Coburn Taylor Chorney
Goaltenders
Starting : Marc-André Fleury
Backup : Alex Stalock
Extra Forwards
Normal : Gilbert Brule, Claude Giroux, Colby Armstrong - PP : Gilbert Brule, Claude Giroux - PK : Gilbert Brule
Extra Defensemen
Normal : Tobias Enstrom, John Klingberg, Ryan Parent - PP : John Klingberg - PK : Ryan Parent, Braydon Coburn
Penalty Shots
Claude Giroux, Artemi Panarin, Fabian Brunnstrom, Jordan Staal, Zac Dalpe
Scratches
Marc-Édouard Vlasic (Left Leg Injury)
% Time on Ice - Stars
Lines # - Real PCT - Wanted PCT - Time Play
Normal Forward
1 - 33% - 39% - 14:11
2 - 27% - 27% - 11:35
3 - 19% - 20% - 8:15
4 - 20% - 14% - 8:45
Normal Defense
1 - 41% - 40% - 17:35
2 - 28% - 30% - 12:07
3 - 31% - 30% - 13:04
4 - 0% - 0% - 0:00
PP Forward
1 - 55% - 60% - 4:02
2 - 45% - 40% - 3:17
PP Defense
1 - 48% - 60% - 3:30
2 - 52% - 40% - 3:49
PK Forward
1 - 72% - 60% - 7:06
2 - 28% - 40% - 2:49
PK Defense
1 - 65% - 60% - 6:27
2 - 35% - 40% - 3:28
PK3 Forward
1 - 0% - 60%
2 - 0% - 40%
PK3 Defense
1 - 0% - 60%
2 - 0% - 40%
44 Forward
1 - 0% - 60%
2 - 0% - 40%
44 Defense
1 - 0% - 60%
2 - 0% - 40%
Last Minute Offensive - 0:00
Last Minute Defensive - 0:00
Total
Forward - 60:00
Defense - 60:00
|
% Time on Ice - Maple Leafs
Lines # - Real PCT - Wanted PCT - Time Play
Normal Forward
1 - 32% - 40% - 13:40
2 - 28% - 30% - 11:51
3 - 22% - 20% - 9:24
4 - 18% - 10% - 7:51
Normal Defense
1 - 37% - 40% - 15:56
2 - 30% - 30% - 12:46
3 - 29% - 20% - 12:24
4 - 4% - 10% - 1:40
PP Forward
1 - 61% - 60% - 6:03
2 - 39% - 40% - 3:52
PP Defense
1 - 66% - 60% - 6:31
2 - 34% - 40% - 3:24
PK Forward
1 - 100% - 60% - 7:19
2 - 0% - 40% - 0:00
PK Defense
1 - 60% - 60% - 4:22
2 - 40% - 40% - 2:57
PK3 Forward
1 - 0% - 60%
2 - 0% - 40%
PK3 Defense
1 - 0% - 60%
2 - 0% - 40%
44 Forward
1 - 0% - 60%
2 - 0% - 40%
44 Defense
1 - 0% - 60%
2 - 0% - 40%
Last Minute Offensive - 0:00
Last Minute Defensive - 0:00
Total
Forward - 60:00
Defense - 60:00
|
Play by Play
1st period
0:01 of 1st period - John Tavares wins face-off versus Jordan Staal in neutral zone.
0:10 of 1st period - Slapshot by John Tavares.
0:10 of 1st period - Stopped by Marc-André Fleury with a rebound.
0:28 of 1st period - Backhand shot by Brian Lee.
0:28 of 1st period - Shot Misses the Net.
0:30 of 1st period - Snap shot by Evgeny Artyukhin.
0:30 of 1st period - Stopped by Marc-André Fleury without a rebound.
0:31 of 1st period - Evgeny Grachev wins face-off versus Ryan Getzlaf in Maple Leafs zone.
0:31 of 1st period - Evgeny Grachev is hit by Ryan Getzlaf.
2:08 of 1st period - Slapshot by Brian Lee.
2:08 of 1st period - Stopped by Marc-André Fleury without a rebound.
2:09 of 1st period - Evgeny Grachev wins face-off versus Michal Handzus in Maple Leafs zone.
2:09 of 1st period - Evgeny Grachev is hit by Dustin Penner.
2:17 of 1st period - Snap shot by Radim Vrbata.
2:17 of 1st period - Deflect By Michal Handzus.
2:17 of 1st period - Stopped by Marc-André Fleury without a rebound.
2:18 of 1st period - Michal Handzus wins face-off versus Jordan Staal in Maple Leafs zone.
2:29 of 1st period - Snap shot by Jordan Staal.
2:29 of 1st period - Shot Misses the Net.
2:45 of 1st period - Braydon Coburn is hit by Scott Hartnell and loses puck.
2:59 of 1st period - Minor Penalty to John Tavares for Holding.
3:00 of 1st period - Jordan Staal wins face-off versus Michal Handzus in Stars zone.
3:00 of 1st period - Snap shot by Claude Giroux.
3:00 of 1st period - Shot Misses the Net.
3:12 of 1st period - Slapshot by Claude Giroux.
3:12 of 1st period - Stopped by Pascal Leclaire without a rebound.
3:13 of 1st period - Michal Handzus wins face-off versus Jordan Staal in Stars zone.
4:14 of 1st period - Michal Handzus is hit by Artemi Panarin and loses puck.
4:29 of 1st period - Snap shot by Rickard Wallin.
4:29 of 1st period - Shot Misses the Net.
4:59 of 1st period - Penalty to John Tavares is over, John Tavares is back on ice.
5:29 of 1st period - Snap shot by Daniel Cleary.
5:29 of 1st period - Shot Blocked by Mathieu Carle.
5:31 of 1st period - Wrist shot by Shawn Matthias.
5:31 of 1st period - Shot Misses the Net.
5:33 of 1st period - Snap shot by Rickard Wallin.
5:33 of 1st period - Stopped by Marc-André Fleury with a rebound.
6:19 of 1st period - Braydon Coburn is hit by Shawn Matthias and loses puck.
6:32 of 1st period - Slapshot by Evgeny Grachev.
6:32 of 1st period - Deflect By Alexander Frolov.
6:32 of 1st period - Shot Misses the Net.
6:32 of 1st period - Puck is out of play.
6:33 of 1st period - Evgeny Grachev wins face-off versus Scott Hartnell in Stars zone.
8:08 of 1st period - Wrist shot by Michael Grabner.
8:08 of 1st period - Shot Blocked by Scott Hartnell.
8:32 of 1st period - Snap shot by Radim Vrbata.
8:32 of 1st period - Deflect By Dustin Penner.
8:32 of 1st period - Shot Blocked by Artemi Panarin.
8:32 of 1st period - Puck is out of play.
8:33 of 1st period - Rickard Wallin wins face-off versus Gilbert Brule in Maple Leafs zone.
8:33 of 1st period - Rickard Wallin is hit by Mathieu Carle.
8:35 of 1st period - Slapshot by Brian Lee.
8:35 of 1st period - Shot Blocked by Mathieu Carle.
8:37 of 1st period - Wrist shot by Rickard Wallin.
8:37 of 1st period - Stopped by Marc-André Fleury with a rebound.
8:39 of 1st period - Wrist shot by Brian Lee.
8:39 of 1st period - Stopped by Marc-André Fleury without a rebound.
8:40 of 1st period - Rickard Wallin wins face-off versus Gilbert Brule in Maple Leafs zone.
8:55 of 1st period - Slapshot by Brian Lee.
8:55 of 1st period - Shot Blocked by Colby Armstrong.
9:02 of 1st period - Icing by Gilbert Brule.
9:03 of 1st period - Scott Hartnell wins face-off versus Gilbert Brule in Maple Leafs zone.
9:36 of 1st period - Backhand shot by Claude Giroux.
9:36 of 1st period - Stopped by Pascal Leclaire with a rebound.
9:56 of 1st period - Slapshot by Brian Lee.
9:56 of 1st period - Stopped by Marc-André Fleury with a rebound.
10:33 of 1st period - Andrei Markov is hit by Braydon Coburn and loses puck.
11:01 of 1st period - Braydon Coburn is hit by Trevor Daley and loses puck.
11:40 of 1st period - Wrist shot by John Tavares.
11:40 of 1st period - Deflect By Michael Frolik.
11:40 of 1st period - Stopped by Marc-André Fleury with a rebound.
12:00 of 1st period - Slapshot by Tobias Enstrom.
12:00 of 1st period - Shot Blocked by Shaone Morrisonn.
12:08 of 1st period - Snap shot by Ryan Getzlaf.
12:08 of 1st period - Shot Misses the Net.
13:21 of 1st period - Ryan Parent is hit by Ryan Getzlaf and loses puck.
13:40 of 1st period - Wrist shot by Zac Dalpe.
13:40 of 1st period - Stopped by Pascal Leclaire without a rebound.
13:41 of 1st period - John Tavares wins face-off versus Evgeny Grachev in Stars zone.
14:06 of 1st period - Scott Hartnell is hit by Braydon Coburn and loses puck.
14:13 of 1st period - Wrist shot by Tobias Enstrom.
14:13 of 1st period - Shot Blocked by Trevor Daley.
14:26 of 1st period - Icing by John Tavares.
14:27 of 1st period - Jordan Staal wins face-off versus John Tavares in Stars zone.
14:30 of 1st period - Snap shot by Jordan Staal.
14:30 of 1st period - Deflect By Claude Giroux.
14:30 of 1st period - Shot Misses the Net.
14:30 of 1st period - Puck is out of play.
14:31 of 1st period - Jordan Staal wins face-off versus Ryan Getzlaf in Stars zone.
15:21 of 1st period - Wrist shot by Daniel Cleary.
15:21 of 1st period - Shot Misses the Net.
15:23 of 1st period - Snap shot by Rickard Wallin.
15:23 of 1st period - Shot Blocked by Tobias Enstrom.
15:31 of 1st period - Snap shot by Rickard Wallin.
15:31 of 1st period - Stopped by Marc-André Fleury with a rebound.
16:13 of 1st period - Wrist shot by Fabian Brunnstrom.
16:13 of 1st period - Stopped by Pascal Leclaire without a rebound.
16:14 of 1st period - John Tavares wins face-off versus Gilbert Brule in Stars zone.
16:52 of 1st period - Slapshot by Michal Handzus.
16:52 of 1st period - Stopped by Marc-André Fleury without a rebound.
16:53 of 1st period - Ryan Getzlaf wins face-off versus Jordan Staal in Maple Leafs zone.
16:54 of 1st period - Snap shot by Jussi Jokinen.
16:54 of 1st period - Stopped by Marc-André Fleury without a rebound.
16:55 of 1st period - Jordan Staal wins face-off versus Ryan Getzlaf in Maple Leafs zone.
17:02 of 1st period - Slapshot by Tobias Enstrom.
17:02 of 1st period - Shot Misses the Net.
17:04 of 1st period - Slapshot by Braydon Coburn.
17:04 of 1st period - Stopped by Pascal Leclaire without a rebound.
17:05 of 1st period - Jordan Staal wins face-off versus John Tavares in Stars zone.
18:17 of 1st period - Slapshot by Braydon Coburn.
18:17 of 1st period - Stopped by Pascal Leclaire without a rebound.
18:18 of 1st period - John Tavares wins face-off versus Jordan Staal in Stars zone.
18:23 of 1st period - Artemi Panarin is hit by John Tavares and loses puck.
18:33 of 1st period - Minor Penalty to Trevor Daley for Roughing.
18:34 of 1st period - Jordan Staal wins face-off versus Michal Handzus in Stars zone.
18:46 of 1st period - Slapshot by Tobias Enstrom.
18:46 of 1st period - Shot Blocked by Shaone Morrisonn.
19:24 of 1st period - Rickard Wallin is hit by Jordan Staal and loses puck.
Goals for this period are 0 for Stars vs 0 for Maple Leafs.
Shots for this period are 12 for Stars vs 6 for Maple Leafs.
2nd period
0:01 of 2nd period - Jordan Staal wins face-off versus Michal Handzus in neutral zone.
0:04 of 2nd period - Slapshot by Tobias Enstrom.
0:04 of 2nd period - Shot Misses the Net.
0:06 of 2nd period - Snap shot by Claude Giroux.
0:06 of 2nd period - Stopped by Pascal Leclaire with a rebound.
0:08 of 2nd period - Wrist shot by Artemi Panarin.
0:08 of 2nd period - Stopped by Pascal Leclaire without a rebound.
0:09 of 2nd period - Jordan Staal wins face-off versus Michal Handzus in Stars zone.
0:33 of 2nd period - Penalty to Trevor Daley is over, Trevor Daley is back on ice.
0:36 of 2nd period - Backhand shot by John Klingberg.
0:36 of 2nd period - Shot Misses the Net.
0:38 of 2nd period - Backhand shot by Claude Giroux.
0:38 of 2nd period - Shot Hit the Post.
0:52 of 2nd period - Slapshot by Trevor Daley.
0:52 of 2nd period - Stopped by Marc-André Fleury with a rebound.
0:55 of 2nd period - Icing by Jordan Staal.
0:56 of 2nd period - Ryan Getzlaf wins face-off versus Jordan Staal in Maple Leafs zone.
0:57 of 2nd period - Backhand shot by Jussi Jokinen.
0:57 of 2nd period - Shot Misses the Net.
0:59 of 2nd period - Slapshot by Trevor Daley.
0:59 of 2nd period - Shot Misses the Net.
1:44 of 2nd period - Snap shot by Eric Nystrom.
1:44 of 2nd period - Shot Misses the Net.
1:46 of 2nd period - Wrist shot by Gilbert Brule.
1:46 of 2nd period - Shot Misses the Net.
2:49 of 2nd period - Rickard Wallin is hit by Gilbert Brule and loses puck.
3:26 of 2nd period - Zac Dalpe is hit by Jussi Jokinen.
3:49 of 2nd period - Braydon Coburn is hit by Shaone Morrisonn and loses puck.
4:14 of 2nd period - Wrist shot by Daniel Cleary.
4:14 of 2nd period - Stopped by Marc-André Fleury with a rebound.
4:50 of 2nd period - Snap shot by John Tavares.
4:50 of 2nd period - Deflect By Michael Frolik.
4:50 of 2nd period - Stopped by Marc-André Fleury without a rebound.
4:51 of 2nd period - Jordan Staal wins face-off versus Ryan Getzlaf in Maple Leafs zone.
4:58 of 2nd period - Johnny Oduya is hit by Jordan Staal and loses puck.
5:05 of 2nd period - Artemi Panarin is hit by Brian Lee and loses puck.
5:39 of 2nd period - Radim Vrbata is hit by Alexander Frolov.
6:09 of 2nd period - Wrist shot by Ryan Getzlaf.
6:09 of 2nd period - Stopped by Marc-André Fleury without a rebound.
6:10 of 2nd period - Jordan Staal wins face-off versus John Tavares in Maple Leafs zone.
6:52 of 2nd period - Minor Penalty to Colby Armstrong for Hooking.
6:53 of 2nd period - John Tavares wins face-off versus Jordan Staal in Maple Leafs zone.
6:54 of 2nd period - Slapshot by Jussi Jokinen.
6:54 of 2nd period - Shot Blocked by Braydon Coburn.
7:08 of 2nd period - Slapshot by John Tavares.
7:08 of 2nd period - Shot Misses the Net.
7:10 of 2nd period - Slapshot by Johnny Oduya.
7:10 of 2nd period - Goal by Johnny Oduya - Stars : 1 - Maple Leafs : 0.
7:11 of 2nd period - John Tavares wins face-off versus Jordan Staal in neutral zone.
7:45 of 2nd period - Wrist shot by Gilbert Brule.
7:45 of 2nd period - Deflect By Colby Armstrong.
7:45 of 2nd period - Stopped by Pascal Leclaire with a rebound.
7:47 of 2nd period - Snap shot by Gilbert Brule.
7:47 of 2nd period - Stopped by Pascal Leclaire with a rebound.
8:32 of 2nd period - Off-side.
8:33 of 2nd period - John Tavares wins face-off versus Gilbert Brule in neutral zone.
8:46 of 2nd period - Wrist shot by John Tavares.
8:46 of 2nd period - Shot Misses the Net.
8:48 of 2nd period - Snap shot by Michael Frolik.
8:48 of 2nd period - Stopped by Marc-André Fleury without a rebound.
8:49 of 2nd period - Ryan Getzlaf wins face-off versus Jordan Staal in Maple Leafs zone.
8:58 of 2nd period - Wrist shot by Jussi Jokinen.
8:58 of 2nd period - Stopped by Marc-André Fleury with a rebound.
9:00 of 2nd period - Snap shot by Ryan Getzlaf.
9:00 of 2nd period - Deflect By Evgeny Artyukhin.
9:00 of 2nd period - Shot Blocked by Braydon Coburn.
9:00 of 2nd period - Puck is out of play.
9:01 of 2nd period - Jordan Staal wins face-off versus John Tavares in Maple Leafs zone.
9:08 of 2nd period - John Tavares is hit by Claude Giroux and loses puck.
9:31 of 2nd period - Slapshot by Brian Lee.
9:31 of 2nd period - Shot Misses the Net.
9:33 of 2nd period - Wrist shot by Johnny Oduya.
9:33 of 2nd period - Shot Blocked by Braydon Coburn.
9:35 of 2nd period - Snap shot by Evgeny Artyukhin.
9:35 of 2nd period - Goal by Evgeny Artyukhin - Stars : 2 - Maple Leafs : 0.
9:36 of 2nd period - John Tavares wins face-off versus Artemi Panarin in neutral zone.
9:50 of 2nd period - Minor Penalty to Andrei Markov for Tripping.
9:51 of 2nd period - Michal Handzus wins face-off versus Jordan Staal in Stars zone.
10:37 of 2nd period - Ryan Parent is hit by Brian Lee and loses puck.
11:50 of 2nd period - Penalty to Andrei Markov is over, Andrei Markov is back on ice.
12:18 of 2nd period - Trevor Daley is hit by Braydon Coburn and loses puck.
12:56 of 2nd period - Trevor Daley is hit by Ryan Parent and loses puck.
13:19 of 2nd period - Slapshot by Daniel Cleary.
13:19 of 2nd period - Shot Misses the Net.
13:48 of 2nd period - Snap shot by Ryan Getzlaf.
13:48 of 2nd period - Shot Misses the Net.
13:50 of 2nd period - Slapshot by Shaone Morrisonn.
13:50 of 2nd period - Stopped by Marc-André Fleury without a rebound.
13:51 of 2nd period - Jordan Staal wins face-off versus John Tavares in Maple Leafs zone.
14:27 of 2nd period - Wrist shot by Evgeny Grachev.
14:27 of 2nd period - Deflect By Alexander Frolov.
14:27 of 2nd period - Shot Misses the Net.
14:27 of 2nd period - Puck is out of play.
14:28 of 2nd period - John Tavares wins face-off versus Jordan Staal in Stars zone.
14:54 of 2nd period - Shaone Morrisonn is hit by Evgeny Grachev and loses puck.
15:05 of 2nd period - Slapshot by Tobias Enstrom.
15:05 of 2nd period - Stopped by Pascal Leclaire with a rebound.
15:07 of 2nd period - Wrist shot by Taylor Chorney.
15:07 of 2nd period - Stopped by Pascal Leclaire with a rebound.
15:37 of 2nd period - Snap shot by Eric Nystrom.
15:37 of 2nd period - Stopped by Pascal Leclaire without a rebound.
15:38 of 2nd period - Rickard Wallin wins face-off versus Gilbert Brule in Stars zone.
16:30 of 2nd period - Snap shot by Michael Frolik.
16:30 of 2nd period - Goal by Michael Frolik - Stars : 3 - Maple Leafs : 0.
16:31 of 2nd period - John Tavares wins face-off versus Jordan Staal in neutral zone.
17:07 of 2nd period - Taylor Chorney is hit by Evgeny Artyukhin and loses puck.
17:34 of 2nd period - Wrist shot by Colby Armstrong.
17:34 of 2nd period - Shot Misses the Net.
17:36 of 2nd period - Wrist shot by Gilbert Brule.
17:36 of 2nd period - Stopped by Pascal Leclaire without a rebound.
17:37 of 2nd period - John Tavares wins face-off versus Jordan Staal in Stars zone.
18:09 of 2nd period - Slapshot by Mathieu Carle.
18:09 of 2nd period - Shot Blocked by Shaone Morrisonn.
18:23 of 2nd period - Ryan Parent is hit by Evgeny Artyukhin and loses puck.
19:16 of 2nd period - Off-side.
19:17 of 2nd period - Jordan Staal wins face-off versus John Tavares in neutral zone.
19:35 of 2nd period - Minor Penalty to Andrei Markov for Unsportsmanlike conduct.
19:36 of 2nd period - Michal Handzus wins face-off versus Jordan Staal in Stars zone.
19:47 of 2nd period - Wrist shot by Michal Handzus.
19:47 of 2nd period - Shot Misses the Net.
Goals for this period are 3 for Stars vs 0 for Maple Leafs.
Shots for this period are 10 for Stars vs 8 for Maple Leafs.
3rd period
0:01 of 3rd period - Claude Giroux wins face-off versus Michal Handzus in neutral zone.
0:10 of 3rd period - Snap shot by Claude Giroux.
0:10 of 3rd period - Shot Misses the Net.
0:16 of 3rd period - Slapshot by Claude Giroux.
0:16 of 3rd period - Shot Misses the Net.
0:38 of 3rd period - Snap shot by John Klingberg.
0:38 of 3rd period - Shot Misses the Net.
0:40 of 3rd period - Snap shot by Michael Grabner.
0:40 of 3rd period - Stopped by Pascal Leclaire without a rebound.
0:41 of 3rd period - Gilbert Brule wins face-off versus Rickard Wallin in Stars zone.
1:35 of 3rd period - Penalty to Andrei Markov is over, Andrei Markov is back on ice.
1:42 of 3rd period - Wrist shot by Jussi Jokinen.
1:42 of 3rd period - Shot Blocked by John Klingberg.
1:44 of 3rd period - Slapshot by Trevor Daley.
1:44 of 3rd period - Deflect By Evgeny Artyukhin.
1:44 of 3rd period - Shot Misses the Net.
1:44 of 3rd period - Puck is out of play.
1:45 of 3rd period - Gilbert Brule wins face-off versus Ryan Getzlaf in Maple Leafs zone.
1:45 of 3rd period - Gilbert Brule is hit by Jussi Jokinen.
2:12 of 3rd period - Major / Game Misconduct Penalty to Jordan Staal for Spearing.
2:12 of 3rd period - Jordan Staal is ejected from game.
2:13 of 3rd period - Gilbert Brule wins face-off versus John Tavares in Maple Leafs zone.
2:13 of 3rd period - Gilbert Brule is hit by Jussi Jokinen.
2:30 of 3rd period - Claude Giroux is hit by Michael Frolik and loses puck.
2:43 of 3rd period - Slapshot by Scott Hartnell.
2:43 of 3rd period - Stopped by Marc-André Fleury without a rebound.
2:44 of 3rd period - Gilbert Brule wins face-off versus Ryan Getzlaf in Maple Leafs zone.
3:25 of 3rd period - Taylor Chorney is hit by Evgeny Artyukhin and loses puck.
4:23 of 3rd period - Icing by Brian Lee.
4:24 of 3rd period - John Tavares wins face-off versus Evgeny Grachev in Stars zone.
4:56 of 3rd period - Icing by Andrei Markov.
4:57 of 3rd period - Zac Dalpe wins face-off versus Ryan Getzlaf in Stars zone.
7:12 of 3rd period - Penalty to Jordan Staal is over, Blake Comeau is send on ice.
7:29 of 3rd period - Wrist shot by Dustin Penner.
7:29 of 3rd period - Stopped by Marc-André Fleury with a rebound.
8:12 of 3rd period - Brian Lee is hit by Eric Nystrom and loses puck.
8:39 of 3rd period - Raphael Diaz is hit by Blake Comeau and loses puck.
9:03 of 3rd period - Ryan Parent is hit by Dustin Penner and loses puck.
9:29 of 3rd period - Fabian Brunnstrom is hit by Brian Lee and loses puck.
9:52 of 3rd period - Taylor Chorney is hit by Daniel Cleary.
10:08 of 3rd period - Icing by Ryan Parent.
10:09 of 3rd period - Michal Handzus wins face-off versus Colby Armstrong in Maple Leafs zone.
10:33 of 3rd period - John Tavares is hit by Blake Comeau.
10:37 of 3rd period - Trevor Daley is hit by Tobias Enstrom and loses puck.
11:11 of 3rd period - Slapshot by Trevor Daley.
11:11 of 3rd period - Stopped by Marc-André Fleury without a rebound.
11:12 of 3rd period - Rickard Wallin wins face-off versus Gilbert Brule in Maple Leafs zone.
11:13 of 3rd period - Snap shot by Daniel Cleary.
11:13 of 3rd period - Shot Misses the Net.
11:23 of 3rd period - Snap shot by Daniel Cleary.
11:23 of 3rd period - Shot Misses the Net.
11:33 of 3rd period - Snap shot by Gilbert Brule.
11:33 of 3rd period - Stopped by Pascal Leclaire without a rebound.
11:34 of 3rd period - John Tavares wins face-off versus Gilbert Brule in Stars zone.
12:16 of 3rd period - Minor Penalty to Brian Lee for Slashing.
12:17 of 3rd period - Gilbert Brule wins face-off versus Michal Handzus in Stars zone.
12:43 of 3rd period - Gilbert Brule is hit by Dustin Penner and loses puck.
12:54 of 3rd period - Slapshot by Dustin Penner.
12:54 of 3rd period - Stopped by Marc-André Fleury with a rebound.
12:56 of 3rd period - Wrist shot by Rickard Wallin.
12:56 of 3rd period - Shot Misses the Net.
13:51 of 3rd period - Backhand shot by Zac Dalpe.
13:51 of 3rd period - Stopped by Pascal Leclaire with a rebound.
14:16 of 3rd period - Penalty to Brian Lee is over, Brian Lee is back on ice.
15:03 of 3rd period - Icing by Fabian Brunnstrom.
15:04 of 3rd period - Rickard Wallin wins face-off versus Zac Dalpe in Maple Leafs zone.
15:13 of 3rd period - Snap shot by Trevor Daley.
15:13 of 3rd period - Shot Blocked by Taylor Chorney.
15:15 of 3rd period - Slapshot by Shawn Matthias.
15:15 of 3rd period - Shot Misses the Net.
15:17 of 3rd period - Snap shot by Trevor Daley.
15:17 of 3rd period - Stopped by Marc-André Fleury with a rebound.
15:23 of 3rd period - Daniel Cleary is hit by Fabian Brunnstrom and loses puck.
15:38 of 3rd period - Snap shot by Zac Dalpe.
15:38 of 3rd period - Shot Misses the Net.
15:40 of 3rd period - Slapshot by Ryan Parent.
15:40 of 3rd period - Stopped by Pascal Leclaire without a rebound.
15:41 of 3rd period - Gilbert Brule wins face-off versus John Tavares in Stars zone.
15:56 of 3rd period - Snap shot by Gilbert Brule.
15:56 of 3rd period - Shot Misses the Net.
15:58 of 3rd period - Snap shot by Artemi Panarin.
15:58 of 3rd period - Stopped by Pascal Leclaire without a rebound.
15:59 of 3rd period - Jussi Jokinen wins face-off versus Evgeny Grachev in Stars zone.
16:11 of 3rd period - Minor Penalty to Evgeny Grachev for Tripping.
16:12 of 3rd period - John Tavares wins face-off versus Gilbert Brule in Maple Leafs zone.
16:12 of 3rd period - Wrist shot by Jussi Jokinen.
16:12 of 3rd period - Shot Blocked by Braydon Coburn.
16:14 of 3rd period - Slapshot by Brian Lee.
16:14 of 3rd period - Stars goal is going for a video replay.
16:14 of 3rd period - The goal is good.
16:14 of 3rd period - Goal by Brian Lee - Stars : 4 - Maple Leafs : 0.
16:15 of 3rd period - John Tavares wins face-off versus Gilbert Brule in neutral zone.
16:18 of 3rd period - Snap shot by Brian Lee.
16:18 of 3rd period - Deflect By Michael Frolik.
16:18 of 3rd period - Shot Hit the Post.
16:18 of 3rd period - Puck is out of play.
16:19 of 3rd period - Gilbert Brule wins face-off versus John Tavares in Maple Leafs zone.
16:56 of 3rd period - Wrist shot by Michael Grabner.
16:56 of 3rd period - Stopped by Pascal Leclaire with a rebound.
17:08 of 3rd period - Blake Comeau is hit by Dustin Penner and loses puck.
17:18 of 3rd period - Minor Penalty to Fabian Brunnstrom for High sticking.
17:19 of 3rd period - Gilbert Brule wins face-off versus Jussi Jokinen in Maple Leafs zone.
17:52 of 3rd period - Icing by Andrei Markov.
17:53 of 3rd period - Gilbert Brule wins face-off versus Ryan Getzlaf in Stars zone.
19:18 of 3rd period - Penalty to Fabian Brunnstrom is over, Fabian Brunnstrom is back on ice.
19:53 of 3rd period - Wrist shot by Daniel Cleary.
19:53 of 3rd period - Stopped by Marc-André Fleury without a rebound.
19:54 of 3rd period - Zac Dalpe wins face-off versus John Tavares in Maple Leafs zone.
19:59 of 3rd period - Wrist shot by Ryan Parent.
19:59 of 3rd period - Shot Blocked by Johnny Oduya.
Goals for this period are 1 for Stars vs 0 for Maple Leafs.
Shots for this period are 7 for Stars vs 6 for Maple Leafs.
Back to the Top